Map: Ephemeron LE

Players

LiquidMaNa (MaNa) - Winner!

  • Race: Protoss Protoss
  • League: Grandmaster
  • Spawn Location: 5:00

LiquidTaeJa (TaeJa)

  • Race: Terran Terran
  • League: Master
  • Spawn Location: 11:00

Event: HomeStory Cup XX

VOD

Have the link to the VOD?

Description

Time

  • Played on: Nov. 23, 2019, 7:27 a.m.
  • Length: 8:53

All games in this series

Show
View Real Time Build Order
Export as new Build Order

LiquidMaNa Protoss - Winner!

Build Orders: 1 Gate Expand, Archon Immortal 

Get SALT Encoding   

  12  0:00  Probe  
  13  0:12  Probe  
  14  0:17  Pylon  
  14  0:24  Probe  
  15  0:32  Probe  
  15  0:39  Gateway  
  15  0:40  Probe  
  16  0:46  Assimilator  
  17  0:51  Probe  
  18  1:03  Probe  
  19  1:22  Nexus  
  19  1:29  Cybernetics Core  
  19  1:32  Probe  
  20  1:40  Assimilator  
  20  1:44  Probe  
  21  1:48  Pylon  
  21  1:56  Stalker  
  23  2:10  Shield Battery  
  23  2:16  Probe  
  23  2:20  Robotics Facility  
  23  2:21  Stalker  
  25  2:36  Shield Battery  
  25  2:51  Pylon  
  27  2:59  Immortal  
  27  3:05  Shield Battery  
  27  3:12  Warp Gate  
  30  3:22  Stalker  
  31  3:36  Probe  
  32  3:46  Warp Prism  
  32  3:48  Probe  
  37  3:56  Probe  
  37  4:00  Probe  
  37  4:08  Probe, Gateway  
  38  4:16  Gateway  
  38  4:19  Probe  
  38  4:20  Observer  
  38  4:22  Probe  
  41  4:31  Probe  
  42  4:34  Probe  
  42  4:38  Immortal  
  47  4:46  Probe  
  47  4:48  Probe  
  49  4:58  Probe  
  50  5:04  Probe  
  51  5:09  Twilight Council  
  51  5:10  Probe  
  52  5:15  Pylon  
  52  5:16  Probe  
  53  5:22  Probe  
  53  5:24  Pylon  
  54  5:33  Probe, Nexus  
  55  5:40  Sentry x2  
  55  5:41  Charge, Zealot  
  61  5:43  Probe  
  61  5:46  Probe  
  63  5:55  Probe  
  64  5:58  Probe  
  65  6:07  Probe  
  65  6:10  Probe  
  61  6:14  Immortal  
  61  6:16  Sentry, Zealot  
  69  6:19  Probe  
  69  6:23  Gateway  
  69  6:24  Gateway  
  70  6:27  Assimilator  
  70  6:29  Assimilator  
  70  6:36  Templar Archives  
  70  6:47  Probe x2  
  72  6:48  Zealot  
  72  6:52  Gateway  
  74  6:57  Probe, Gateway  
  74  6:59  Probe  
  76  7:03  Observer  
  76  7:05  Immortal  
  74  7:08  Zealot  
  74  7:09  Zealot x2  
  84  7:18  Probe  
  85  7:22  Pylon  
  85  7:23  Pylon  
  85  7:25  Pylon  
  84  7:30  Pylon  
  84  7:33  Probe  
  85  7:40  Probe  
  85  7:41  Observer  
  85  7:42  Stalker x2  
  91  7:45  Probe x2  
  91  7:47  High Templar x2  
  91  7:48  High Templar  
  91  7:50  High Templar  
  101  7:56  Archon  
  101  7:57  Forge, Gateway  
  101  7:59  Probe x2  
  101  8:01  Shield Battery, Archon  
  101  8:06  Zealot x3  
  101  8:09  Probe  
  101  8:11  Probe  
  109  8:17  Pylon  
  109  8:18  Pylon  
  109  8:22  High Templar x2  
  109  8:23  Zealot x2  
  109  8:26  Archon  
  109  8:50  Zealot x5  
Show
View Real Time Build Order
Export as new Build Order

LiquidTaeJa Terran 

Build Orders:  

Get SALT Encoding   

  12  0:00  SCV  
  13  0:12  SCV  
  14  0:17  Supply Depot  
  14  0:24  SCV  
  15  0:38  SCV  
  15  0:40  Barracks  
  16  0:44  Refinery  
  16  0:50  SCV  
  17  1:01  Barracks  
  17  1:04  SCV  
  18  1:16  SCV  
  19  1:27  Marine  
  19  1:29  Orbital Command  
  20  1:36  Supply Depot  
  20  1:45  Marine  
  21  1:48  Barracks Tech Lab  
  21  1:54  SCV  
  22  2:03  Marine, Bunker  
  22  2:06  SCV  
  22  2:07  Marauder, Concussive Shells  
  26  2:18  SCV  
  26  2:20  Marine  
  28  2:29  Marauder  
  30  2:35  Bunker  
  30  2:44  SCV  
  30  2:46  Marine  
  30  2:49  Factory  
  31  2:55  Supply Depot  
  31  3:08  Marauder  
  31  3:13  Bunker  
  31  3:16  Marine, SCV  
  33  3:21  Refinery  
  33  3:28  SCV  
  33  3:30  Marauder  
  33  3:34  Marine, Starport  
  35  3:48  SCV  
  32  3:57  Command Center  
  32  3:58  Marine  
  32  4:00  SCV  
  32  4:02  Factory Tech Lab  
  30  4:13  SCV  
  30  4:15  Bunker  
  30  4:16  Barracks Reactor  
  33  4:23  Siege Tank  
  34  4:25  SCV  
  34  4:28  Supply Depot  
  34  4:31  Viking  
  37  4:37  SCV  
  37  4:49  SCV  
  38  4:53  Marine x2  
  38  4:55  Siege Tank  
  43  5:02  Supply Depot  
  43  5:03  Supply Depot  
  43  5:08  SCV  
  43  5:11  Orbital Command  
  43  5:13  Marine x3  
  47  5:24  SCV  
  48  5:33  Barracks Tech Lab  
  48  5:39  Orbital Command  
  48  5:40  SCV  
  49  5:52  Command Center  
  49  5:53  Marine  
  49  5:54  Marine x2  
  49  5:55  SCV  
  52  6:04  SCV  
  52  6:07  Liberator  
  46  6:11  Marine x2  
  46  6:12  Marine  
  46  6:14  SCV  
  46  6:16  SCV  
  47  6:18  Bunker  
  47  6:20  Siege Tank  
  53  6:28  SCV x2  
  53  6:32  Marine  
  55  6:33  Marauder  
  55  6:34  Marine  
  59  6:40  Refinery, SCV  
  59  6:41  SCV  
  61  6:52  Siege Tank, SCV  
  66  6:54  SCV  
  66  6:56  Refinery  
  66  7:06  SCV  
  66  7:07  Orbital Command, SCV  
  68  7:09  Barracks Tech Lab  
  68  7:16  Marine  
  68  7:17  Marine  
  68  7:18  SCV  
  68  7:20  Starport Reactor, SCV  
  68  7:22  Barracks  
  72  7:24  Barracks  
  72  7:28  Siege Tank  
  72  7:29  Orbital Command  
  75  7:30  SCV  
  75  7:32  SCV  
  75  7:33  Engineering Bay  
  75  7:34  Engineering Bay  
  75  7:35  Barracks  
  77  7:40  Marine x2  
  77  7:41  Marauder  
  77  7:42  SCV  
  77  7:44  SCV  
  83  7:45  Supply Depot  
  83  7:54  SCV x2  
  83  7:56  SCV  
  86  8:03  Siege Tank  
  86  8:04  Medivac x2, Bunker  
  93  8:07  SCV x2  
  93  8:08  Supply Depot  
  93  8:11  Supply Depot  
  95  8:13  Barracks Tech Lab, Barracks Reactor  
  95  8:16  SCV  
  95  8:19  SCV x2  
  98  8:24  Barracks Tech Lab  
  98  8:30  Refinery x2, SCV  
  98  8:31  SCV  
Tags
 
Add a new tag
Caveats
  • Supply blocks, unpowered buildings, or Contaminate may cause inaccurate times.
  • Supply counts are checked every 10 seconds.